 Dungeon Crawl Stone Soup version 0.27-a0-25-g087482e4d5 (webtiles) character file.

Game seed: 2462708332856115462

31 RETERIOR the Firebug (level 3, 0/26 HPs)
             Began as a Draconian Fire Elementalist on Jan 2, 2021.
             Succumbed to an adder's poison
             ... on level 2 of the Dungeon.
             The game lasted 00:04:55 (1323 turns).

RETERIOR the Firebug (Draconian Fire Elementalist)  Turns: 1323, Time: 00:04:55

Health: 0/26       AC:  5    Str: 10    XL:     3   Next: 7%
Magic:  5/6        EV: 12    Int: 16    God:
Gold:   67         SH:  0    Dex: 11    Spells: 5/6 levels left

rFire    . . .     SeeInvis .   c - +0 club
rCold    . . .     Faith    .   (no shield)
rNeg     . . .     Spirit   .   (armour unavailable)
rPois    .         Reflect  .   (helmet restricted)
rElec    .         Harm     .   (no cloak)
rCorr    .         Rampage  .   (no gloves)
Will     .....                  (no boots)
Stlth    ++........             (no amulet)
HPRegen  0.08/turn              (no ring)
MPRegen  0.10/turn              (no ring)

@: lethally poisoned (0 -> -9)
A: unfitting armour, cold-blooded, AC +5
a: no special abilities


You were on level 2 of the Dungeon.
You visited 1 branch of the dungeon, and saw 2 of its levels.

You collected 67 gold pieces.

Inventory:

Hand Weapons
 c - a +0 club (weapon)
 d - a +2 short sword of flaming
 f - a +0 whip
Missiles
 k - 18 arrows
Armour
 h - a scarf of harm
 m - a +0 robe
Jewellery
 b - an uncursed ring of ice {unknown}
 n - an uncursed amulet of reflection {unknown}
Scrolls
 a - a scroll of enchant armour
 e - a scroll of remove curse
 j - a scroll of teleportation {unknown}
 o - a scroll of identify
Potions
 i - a potion of lignification {unknown}
 l - a potion of attraction {unknown}
 p - 2 potions of heal wounds {unknown}


   Skills:
 + Level 2.1 Dodging
 + Level 2.2 Stealth
 + Level 2.2 Spellcasting
 + Level 1.2 Conjurations
 + Level 3.4 Fire Magic


You had 5 spell levels left.
You knew the following spells:

 Your Spells              Type           Power        Failure   Level
a - Foxfire               Conj/Fire      36%          8%          1

Your spell library contained the following spells:

 Spells                   Type           Power        Failure   Level
 Conjure Flame            Conj/Fire      9%           24%         3
 Inner Flame              Hex/Fire       7%           30%         3
 Sticky Flame             Conj/Fire      9%           61%         4
 Fireball                 Conj/Fire      4%           91%         5


Dungeon Overview and Level Annotations

Branches:
Dungeon (2/15)

Altars:


Innate Abilities, Weirdness & Mutations

Your plain brown scales are hard. (AC +5)
You cannot fit into any form of body armour.
You are cold-blooded and may be slowed by cold attacks.


Message History

You feel blessed for a moment.
It was a scroll of remove curse.
* * * LOW HITPOINT WARNING * * *
You feel sick.
The jackal bites you but does no damage.
The adder closely misses you. The frilled lizard misses you.
The adder bites you.
* * * LOW HITPOINT WARNING * * *
The jackal bites you but does no damage.
As you read the scroll labelled LENIZX SILYFOC, it crumbles to dust.
It is a scroll of identify.
Okay, then.
* * * LOW HITPOINT WARNING * * *
You feel sick. The adder barely misses you. x2
The jackal bites you but does no damage.
The frilled lizard closely misses you.
Blink to where?
Press: ? - help, Dir - move target
As you read the scroll labelled ERIADI ONEESCHO, it crumbles to dust.
It was a scroll of blinking.
You die...

####...##..S##
#.........hh§#
#.#.......hlS#
#...........b#
#...#..........#
#...#..........#
##..#..........#
##............#
#.#..@.......(.
.................
##.!.##........
....# ##.......
##. ....... #
....... .......
...####


You could see an adder, 3 jackals, a bat and a frilled lizard.

Vanquished Creatures
  2 leopard geckos (D:1)
  2 giant cockroaches (D:1)
  3 goblins (D:1)
  3 hobgoblins (D:1)
  5 jackals
  4 bats (D:1)
  3 frilled lizards (D:1)
  6 rats (D:1)
28 creatures vanquished.

Vanquished Creatures (others)
  43 foxfires
43 creatures vanquished.

Grand Total: 71 creatures vanquished

Notes
Turn   | Place    | Note
-------+----------+-------------------------------------------
     0 | D:1      | RETERIOR the Draconian Fire Elementalist began the quest
                  | for the Orb.
     0 | D:1      | Reached XP level 1. HP: 14/14 MP: 3/3
   177 | D:1      | Reached XP level 2. HP: 20/20 MP: 1/5
  1095 | D:1      | Reached XP level 3. HP: 22/26 MP: 2/6
  1322 | D:2      | HP: 1/26 [poisoned by an adder]
  1323 | D:2      | Succumbed to an adder's poison

Illustrated notes

Levels and vault maps discovered:
D:1:      dpeg_arrival_simpleton_c, layout_basic
D:2:      layout_rooms, lemuel_zombie_altar_kikubaaqudgha,
          nicolae_overflow_crystal_walls, serial_corexii_hall,
          corexii_hall_statues_l, chequers_hall_statues_corner_a,
          corexii_hall_statues_deadend, uniq_sigmund

Skill      XL: |  1  2 |
---------------+-------+-----
Stealth        | 2 |  2.2
Dodging        | 2 |  2.1
Spellcasting   | |  2.2
Conjurations   | |  1.2
Fire Magic     | |  3.4

Action                   || total
-------------------------++-------
Melee: Unarmed           ||    10
       Club              ||    25
       Tailslap          ||     2
 Cast: Foxfire           ||    32
  Use: Scroll            ||     4
 Stab: Sleeping          ||     2
Armor: Skin              ||    44
Dodge: Dodged            ||    73

Table legend: (Time is in decaauts)
 A = Elapsed time spent in this place.
 B = Non-inter-level travel time spent in this place.
 C = Inter-level travel time spent in this place.
 D = Time resting spent in this place.
 E = Time spent auto-exploring this place.
 F = Levels seen in this place.
 G = Mean time per level.
                   A        B        C        D        E       F      G
               +--------+--------+--------+--------+--------+-----+--------+
         Total |   1329 |   1315 |     14 |      0 |    728 |   2 |  664.5 |
       Dungeon |   1329 |   1315 |     14 |      0 |    728 |   2 |  664.5 |
               +--------+--------+--------+--------+--------+-----+--------+

Top non-repeatable levels by time:
     D:1: 1289 daAuts
     D:2: 40 daAuts
